 Dungeon Crawl Stone Soup version 0.21.1-1-g345015fe64 (webtiles) character file.

12211 P0ring the Basher (level 11, 0/101 HPs)
             Began as a Minotaur Berserker on Apr 18, 2018.
             Was a High Priest of Trog.
             Slain by a killer bee (4 damage)
             ... on level 10 of the Dungeon.
             The game lasted 00:28:14 (9284 turns).

P0ring the Basher (Minotaur Berserker)              Turns: 9284, Time: 00:28:15

Health: 0/101      AC: 14    Str: 25    XL:     11   Next: 59%
Magic:  10/10      EV: 11    Int:  4    God:    Trog [*****.]
Gold:   366        SH: 12    Dex: 10    Spells: 10/10 levels left

rFire    . . .     SeeInvis .   v - +1 morningstar
rCold    . . .     Gourm    .   b - +1 shield {reflect}
rNeg     + . .     Faith    .   A - +1 chain mail {rPois}
rPois    +         Spirit   .   (helmet restricted)
rElec    .         Reflect  +   (no cloak)
rCorr    .         Harm     .   n - +0 pair of gloves
MR       .....                  (no boots)
Stlth    ..........             D - amulet of regeneration
HPRegen  0.66/turn              a - ring of positive energy
MPRegen  0.12/turn              (no ring)

@: berserk cooldown, slowed, very slow
A: retaliatory headbutt, horns 2
a: Berserk, Trog's Hand, Brothers in Arms, Burn Spellbooks, Renounce Religion


You were on level 10 of the Dungeon.
You worshipped Trog.
Trog was extremely pleased with you.
You were very hungry.

You visited 2 branches of the dungeon, and saw 12 of its levels.

You collected 623 gold pieces.
You spent 257 gold pieces at shops.

Inventory:

Hand Weapons
 r - a +0 mace
 t - a +0 flail
 v - a +1 morningstar (weapon)
 M - a +0 flail of protection
Armour
 b - a +1 shield of reflection (worn)
 j - a +1 chain mail
 n - a +0 pair of gloves (worn)
 y - a +0 large shield
 A - a +1 chain mail of poison resistance (worn)
 F - a +0 helmet
Jewellery
 a - a ring of positive energy (left hand)
 w - an uncursed amulet of guardian spirit
 C - an uncursed amulet of guardian spirit
 D - an amulet of regeneration (around neck)
Wands
 l - a wand of paralysis (21)
 B - a wand of digging (24)
 J - a wand of enslavement (15)
Scrolls
 i - 7 scrolls of identify
 k - 2 scrolls of enchant armour
 o - a scroll of fog
 E - a scroll of noise
 G - a scroll of remove curse
 H - 3 scrolls of teleportation
Potions
 d - 2 potions of mutation
 e - 2 potions of curing
 h - a potion of agility
 m - 3 potions of flight
 p - a potion of haste
 q - a potion of might
 x - 3 potions of ambrosia
 z - a potion of berserk rage
 I - a potion of lignification
 K - a potion of brilliance
Comestibles
 c - 12 rations
 f - a chunk of flesh


   Skills:
 + Level 10.9 Fighting
 + Level 10.9 Maces & Flails
 + Level 10.5 Armour
 + Level 9.7 Dodging
 + Level 8.5 Shields


You had 10 spell levels left.
You didn't know any spells.

Dungeon Overview and Level Annotations

Branches:
Dungeon (11/15)            Temple (1/1) D:6
   Lair: D:8-11         Orc: D:9-12

Altars:
Ashenzari
Cheibriados
Dithmenos
Elyvilon
Fedhas
Gozag
Hepliaklqana
Kikubaaqudgha
Makhleb
Nemelex Xobeh
Okawaru
Qazlal
Ru
Sif Muna
Trog
Uskayaw
Vehumet
Wu Jian
Xom
Yredelemnul
Zin
The Shining One

Shops:
D:10 [*?

Annotations:
D:9 1 runed door


Innate Abilities, Weirdness & Mutations

You reflexively headbutt those who attack you in melee.
You have a pair of horns on your head.


Message History

You block the killer bee's attack. The killer bee stings you.
* * * LOW HITPOINT WARNING * * *
You block the killer bee's attack.
The killer bee stings you but does no damage. x2
You block the killer bee's attack.
You miss the killer bee.
The killer bee stings you but does no damage. x2
You block the killer bee's attack. x2; The killer bee stings you.
* * * LOW HITPOINT WARNING * * *
The killer bee stings you.
* * * LOW HITPOINT WARNING * * *
Unknown command.
You feel better. You block the killer bee's attack. The killer bee stings you.
* * * LOW HITPOINT WARNING * * *
The killer bee stings you.
* * * LOW HITPOINT WARNING * * *
The killer bee closely misses you. The killer bee stings you.
* * * LOW HITPOINT WARNING * * *
The killer bee stings you.
You die...

########### ###.........#
######### ########
#.........#+####...>...# #......#
#.#.......+∩'.##.......# '......#
#.#.....<.#'#..'.).....#
#......###.#.........#..#.......#
#...(..#...#.....y..##.##.......#
#......#.###....@......##.......#
#......'.# #....y...#####.......'
#......### ######.### #.......#
#......# ##..# #.......# ###'####
#..## #.......# #...# #.##
#####'### ..### ###.# #..# .##
#...# #####.#### ########
####'####### #.....>..#


You could see 2 killer bees.

Vanquished Creatures
  The ghost of FreshCat the Grappler, a journeyman TrBe of Trog (D:10)
  2 two-headed ogres
  An unseen horror (D:10)
  The ghost of Knicklaso the Cleaver, a novice HOMo of Beogh (D:6)
  Pikel (D:7)
  The ghost of supermoro the Slasher, a novice MiGl (D:5)
  A freezing wraith (D:10)
  A merfolk (D:9)
  A queen bee (D:11)
  3 trolls (D:10)
  Grinder (D:3)
  A hippogriff (D:10)
  9 yaks
  A wraith (D:10)
  2 hungry ghosts
  Menkaure (D:7)
  A water moccasin (D:9)
  The ghost of kaq the Sneak, an amateur SpAs (D:4)
  2 slaves (D:7)
  4 ice beasts
  2 phantoms
  2 sky beasts (D:5)
  A black bear (D:4)
  2 necrophages
  6 ogres
  4 centaurs
  A big kobold (D:8)
  2 bullfrogs
  2 wyvern zombies
  2 scorpions
  20 killer bees
  A howler monkey (D:10)
  3 crimson imps
  2 bullfrog zombies
  A quasit (D:7)
  5 hounds
  6 jellies
  4 orc priests
  A centaur skeleton (D:10)
  3 bullfrog skeletons
  3 iguanas
  7 orc wizards
  2 worker ants
  A hound skeleton (D:6)
  2 hound zombies
  12 gnolls
  15 adders
  3 shadow imps
  3 oozes
  2 adder skeletons
  4 worms
  4 dart slugs
  3 leopard geckos
  31 orcs
  6 giant cockroaches
  3 hobgoblins
  10 jackals
  5 quokkas
  5 ball pythons
  5 bats
  6 frilled lizards
  12 goblins
  10 kobolds
  A quokka skeleton (D:4)
  7 rats
268 creatures vanquished.

Vanquished Creatures (others)
  A slave (D:7)
  A worker ant (D:7)
  A leopard gecko (D:7)
3 creatures vanquished.

Grand Total: 271 creatures vanquished

Notes
Turn   | Place    | Note
-------+----------+-------------------------------------------
     0 | D:1      | P0ring the Minotaur Berserker began the quest for the Orb.
     0 | D:1      | Reached XP level 1. HP: 19/19 MP: 0/0
   355 | D:1      | Reached XP level 2. HP: 25/27 MP: 1/1
   765 | D:2      | Reached XP level 3. HP: 33/33 MP: 2/2
   911 | D:2      | Reached ** piety under Trog
   915 | D:2      | Found an opulent altar of Gozag.
  1220 | D:2      | Reached XP level 4. HP: 40/41 MP: 3/3
  1311 | D:2      | Found a shadowy altar of Dithmenos.
  1312 | D:2      | Found a radiant altar of Vehumet.
  1546 | D:3      | Noticed Grinder
  1547 | D:3      | Paralysed by Grinder for 2 turns
  1562 | D:3      | Paralysed by Grinder for 5 turns
  1572 | D:3      | HP: 1/41 [Grinder (6)]
  1574 | D:3      | Killed Grinder
  1574 | D:3      | Reached skill level 5 in Fighting
  1574 | D:3      | Reached skill level 5 in Maces & Flails
  1574 | D:3      | Reached XP level 5. HP: 2/48 MP: 4/4
  1574 | D:3      | Reached XP level 6. HP: 2/56 MP: 5/5
  2183 | D:3      | Found a glowing golden altar of the Shining One.
  2188 | D:3      | Found a basalt altar of Yredelemnul.
  2190 | D:3      | Noticed a profane servitor
  2280 | D:3      | Reached *** piety under Trog
  2308 | D:3      | Reached skill level 5 in Armour
  2308 | D:3      | Reached XP level 7. HP: 49/62 MP: 6/6
  2715 | D:3      | Noticed an angel
  2789 | D:4      | Noticed kaq's ghost (amateur SpAs)
  2790 | D:4      | Noticed a yak
  2791 | D:4      | Noticed a yak
  2793 | D:4      | Noticed a yak
  2816 | D:4      | Killed kaq's ghost
  2833 | D:4      | HP: 3/63 [yak (10)]
  2840 | D:3      | Killed a yak
  2840 | D:3      | Reached skill level 5 in Dodging
  3104 | D:4      | Killed a yak
  3104 | D:4      | Reached XP level 8. HP: 39/71 MP: 7/7
  3442 | D:4      | Reached skill level 1 in Shields
  3696 | D:5      | Entered Level 5 of the Dungeon
  4027 | D:5      | Reached **** piety under Trog
  4093 | D:5      | Found a burning altar of Makhleb.
  4306 | D:5      | Reached XP level 9. HP: 67/80 MP: 8/8
  4310 | D:5      | Noticed supermoro's ghost (novice MiGl)
  4336 | D:5      | Killed supermoro's ghost
  4780 | D:6      | Found a white marble altar of Elyvilon.
  4816 | D:6      | Found a staircase to the Ecumenical Temple.
  4828 | Temple   | Entered the Ecumenical Temple
  5170 | D:6      | Noticed Knicklaso's ghost (novice HOMo)
  5187 | D:6      | Killed Knicklaso's ghost
  5489 | D:7      | Noticed Pikel
  5507 | D:6      | Reached skill level 5 in Shields
  5529 | D:7      | Killed Pikel
  5535 | D:7      | Reached XP level 10. HP: 68/91 MP: 9/9
  5724 | D:7      | Noticed Menkaure
  5734 | D:7      | Killed Menkaure
  7135 | D:8      | Found an ornate altar of the Wu Jian Council.
  7303 | D:9      | Reached ***** piety under Trog
  7360 | D:9      | Found a stormy altar of Qazlal.
  7490 | D:9      | Found a glowing silver altar of Zin.
  7490 | D:9      | Found a runed door.
  7490 | D:9      | Noticed an angel
  7775 | D:9      | Noticed a two-headed ogre
  7782 | D:9      | Killed a two-headed ogre
  7949 | D:10     | Entered Level 10 of the Dungeon
  7949 | D:10     | Found Cutotirgh's Armour Shop.
  7964 | D:10     | Reached skill level 10 in Fighting
  7964 | D:10     | Reached skill level 10 in Maces & Flails
  8025 | D:10     | Found Leoz's Magic Scroll Shop.
  8028 | D:10     | Bought a scroll of remove curse for 33 gold pieces
  8028 | D:10     | Bought a scroll of identify for 22 gold pieces
  8028 | D:10     | Bought a scroll of identify for 22 gold pieces
  8028 | D:10     | Bought a scroll of teleportation for 33 gold pieces
  8032 | D:10     | Noticed a two-headed ogre
  8038 | D:10     | Killed a two-headed ogre
  8162 | D:10     | Noticed FreshCat's ghost (journeyman TrBe)
  8196 | D:10     | Killed FreshCat's ghost
  8196 | D:10     | Reached XP level 11. HP: 84/99 MP: 10/10
  8297 | D:10     | Killed an unseen horror
  8297 | D:10     | Reached skill level 10 in Armour
  8382 | D:10     | Found Biuts's Assorted Antiques.
  8387 | D:10     | Bought a potion of curing for 75 gold pieces
  8387 | D:10     | Bought 2 scrolls labeled AREUSK AGRESTRAE for 50 gold pieces
  8387 | D:10     | Bought a yellow potion for 22 gold pieces
  9283 | D:10     | HP: 1/101 [killer bee (5)]
  9284 | D:10     | Slain by a killer bee

Skill      XL: |  1  2  3  4  5  6  7  8  9 10 11 |
---------------+----------------------------------+-----
Maces & Flails | 4 5 6 7 9 10 | 10.9
Fighting       | 4 5 6 7 9 10 | 10.9
Armour         | 3 4 5 6 7 8 9 10 | 10.5
Dodging        | 3 4 5 6 7 9 |  9.7
Shields        | 3 5 7 8 |  8.5

Action                   |  1- 3 |  4- 6 |  7- 9 | 10-12 || total
-------------------------+-------+-------+-------+-------++-------
Melee: Mace              |    84 |    22 |       |       ||   106
       Headbutt          |    11 |    16 |    62 |    77 ||   166
       Flail             |       |    71 |       |       ||    71
       Morningstar       |       |    11 |   315 |   402 ||   728
Invok: Berserk           |       |     1 |     2 |     3 ||     6
       Burn Spellbooks   |       |       |       |     1 ||     1
  Use: Scroll            |       |     2 |    11 |    11 ||    24
       Potion            |       |       |     1 |     2 ||     3
  Eat: Chunk             |       |     2 |     8 |    10 ||    20
       Ration            |       |     1 |     3 |     1 ||     5
Armor: Animal skin       |     7 |       |       |       ||     7
       Chain mail        |    39 |    37 |   163 |   160 ||   399
Dodge: Dodged            |    43 |    42 |    58 |   156 ||   299
Block: Large shield      |       |       |   240 |   323 ||   563
       Shield            |       |       |       |    94 ||    94
